Comets vs Bears (R1)

Created - October 21, 2024 at 19:17

Goals
1 2 3 T
Comets 3 3 0 6
Bears 0 1 1 2
Shots
1 2 3 T
Comets 6 22 3 31
Bears 8 7 13 28

1st period

1. Comets , Joonas Donskoi 1 (Marcus Bjork 1) at 3:23
2. Comets , Eeli Tolvanen 1 (Alexandre Texier 1, John Hayden 1) at 4:48
3. Comets , Nicolas Roy 1 (Ilya Lyubushkin 1, Brett Seney 1) at 14:01

Penalties :
Ilya Lyubushkin (Uti) for Cross-checking (Minor) at 0:22, Ilya Lyubushkin (Uti) for Slashing (Minor) at 11:45, Vincent Desharnais (Uti) for Interference (Minor) at 17:44

2nd period

4. Comets , Brett Howden 1 (Conor Garland 1) at 2:45
5. Bears , Mikko Vainonen 1 (Mason Appleton 1, Gianluca Curcuruto 1) at 15:20 (PP)
6. Comets , Valeri Nichushkin 1 (Brett Seney 2) at 17:02
7. Comets , Joonas Donskoi 2 (Brett Seney 3) at 19:38

Penalties :
Kevin Rooney (Her) for Roughing (Minor) at 3:50, Kevin Rooney (Her) for Roughing (Minor) at 7:01, Valeri Nichushkin (Uti) for Cross-checking (Minor) at 7:06, Sam Carrick (Her) for Tripping (Minor) at 11:07, Emil Johansson (Her) for Fighting (Major) at 13:35, John Hayden (Uti) for Fighting (Major) at 13:35, Kerby Rychel (Her) for Fighting (Major) at 14:00, Ilya Lyubushkin (Uti) for Fighting (Major) at 14:00, Wyatt Kalynuk (Uti) for Tripping (Minor) at 14:44

3rd period

8. Bears , Colby Cave 1 (Vincent Dunn 1, Gianluca Curcuruto 2) at 11:53

Penalties :
Ilya Lyubushkin (Uti) for Diving (Minor) at 0:53, Vincent Desharnais (Uti) for High sticking (Minor) at 15:46

Goalie Stats

Juuse Saros (Uti), 26 saves from 28 shots - (0.929), W, 1-0-0, 60:00 minutes
Garret Sparks (Her), 22 saves from 28 shots - (0.786), L, 0-1-0, 39:38 minutes
Artyom Zagidulin (Her), 3 saves from 3 shots - (1.000), 20:22 minutes

Players Stats for Comets

Player Name              G  A  P  +/- PIM S  H  SB GA TA FO     MP     PP MP  PK MP  
------------------------------------------------------------------------------------
Alex Turcotte            0  0  0   0  0   1  2  1  0  0  0/0     8:02   0:00   0:00 
Alexandre Texier         0  1  1   0  0   4  1  0  0  0  0/0    14:03   0:00   1:46 
Brett Howden             1  0  1   1  0   4  0  0  0  0  14/23  21:58   2:13   6:09 
Brett Seney              0  3  3   3  0   2  1  1  0  0  13/29  21:06   1:50   3:15 
Christian Wolanin        0  0  0   0  0   3  1  2  0  0  0/0    20:08   3:06   0:57 
Conor Garland            0  1  1   1  0   1  0  1  0  0  1/2    19:00   2:13   5:51 
David Kase               0  0  0   0  0   1  0  0  0  0  0/0     8:02   0:00   0:00 
Eeli Tolvanen            1  0  1   1  0   1  1  0  0  0  1/1    10:21   0:00   0:00 
Filip Roos               0  0  0   1  0   0  0  0  0  0  0/0     4:14   0:00   0:00 
Ilya Lyubushkin          0  1  1   0  11  3  3  3  0  0  0/0    20:50   3:06   2:13 
Jake Bean                0  0  0   3  0   1  1  1  0  0  0/0    19:26   0:57   4:12 
John Hayden              0  1  1   1  5   0  1  0  0  0  3/6     9:51   0:00   0:00 
Joonas Donskoi           2  0  2   3  0   2  4  0  0  0  1/1    19:05   1:50   3:10 
Marcus Bjork             0  1  1   1  0   0  0  2  2  1  0/0    20:51   0:00   5:52 
Mason Marchment          0  0  0   1  0   2  4  0  0  0  0/1    14:00   2:13   0:00 
Nicolas Roy              1  0  1   1  0   2  0  0  0  0  1/4     4:28   0:00   0:00 
Valeri Nichushkin        1  0  1   3  2   4  1  0  0  0  0/0    16:45   1:49   1:01 
Vincent Desharnais       0  0  0   2  4   0  0  1  0  0  0/0    15:39   0:00   3:20 
Wyatt Kalynuk            0  0  0   3  2   0  1  2  0  1  0/0    19:32   0:57   4:38 

Players Stats for Bears

Player Name              G  A  P  +/- PIM S  H  SB GA TA FO     MP     PP MP  PK MP  
------------------------------------------------------------------------------------
Blake Speers             0  0  0   1  0   0  3  0  0  0  1/1     8:48   0:08   1:52 
Colby Cave               1  0  1   1  0   3  1  0  0  0  1/2     7:22   0:00   0:48 
Cole Smith               0  0  0  -1  0   4  3  2  0  0  1/1    17:14   4:38   0:00 
Emil Johansson           0  0  0   0  5   0  0  0  0  0  0/0     9:15   0:00   0:00 
Gianluca Curcuruto       0  2  2  -3  0   1  1  2  1  0  0/0    23:16   4:58   1:29 
Isaac Ratcliffe          0  0  0  -4  0   0  2  0  0  0  0/1    10:40   0:28   0:22 
Kerby Rychel             0  0  0   0  5   1  1  0  0  1  0/1    19:30   5:28   1:27 
Kevin Rooney             0  0  0  -1  4   2  2  0  1  0  9/14   12:34   0:02   0:00 
Mason Appleton           0  1  1  -2  0   3  3  0  0  0  0/0    19:32   4:38   0:00 
Michael Prapavessis      0  0  0  -3  0   0  0  1  0  0  0/0    24:10   4:58   2:34 
Mikko Vainonen           1  0  1  -2  0   4  1  4  0  0  0/0    26:34   5:38   1:29 
Nicholas Caamano         0  0  0  -4  0   0  0  0  0  1  0/0     9:35   0:08   0:00 
Nicolas Aube-Kubel       0  0  0  -1  0   2  0  0  0  0  0/1    24:03   5:50   2:14 
Ryan Graves              0  0  0   0  0   0  1  2  0  0  0/0     9:16   0:00   0:00 
Sam Carrick              0  0  0  -1  2   2  1  1  0  0  18/36  23:05   5:50   1:05 
Tanner Laczynski         0  0  0  -4  0   3  1  0  0  0  3/8    10:16   0:00   0:18 
Tommy Vannelli           0  0  0  -2  0   1  2  2  0  0  0/0    27:28   5:38   2:34 
Vincent Dunn             0  1  1   1  0   2  2  0  0  0  0/2    11:20   4:38   0:00 

3 Stars

1 - Joonas Donskoi (Uti)
2 - Brett Seney (Uti)
3 - Valeri Nichushkin (Uti)

Power Play

Comets - 0 on 3 Attempt(s) - 0.00%
Bears - 1 on 7 Attempt(s) - 14.29%

Penalty Kill

Comets - 6 on 7 Attempt(s) - 85.71% - Score 0 goal in Penalty Kill
Bears - 3 on 3 Attempt(s) - 100.00% - Score 0 goal in Penalty Kill

Team Stat

Comets - Hits : 21 - Faceoff Wins : 34 - Blocked Shots : 14 - Penalty Minutes : 24
Bears - Hits : 24 - Faceoff Wins : 33 - Blocked Shots : 14 - Penalty Minutes : 16

Official

Referees : Trevor Hanson and Dean Morton
Linesman : Jesse Marquis and Ryan Gibbons

Game Notes

Emil Johansson beats up John Hayden at 13:35 of 2nd period
Kerby Rychel beats up Ilya Lyubushkin at 14:00 of 2nd period
Nicolas Roy is injured at 18:40 of 2nd period (Broken Left Index Finger)
Artyom Zagidulin enters game at 19:38 of 2nd period

Finance

Level 1 -- Attendance: 1979 (98.95%) -- Ticket Income $138,530
Level 2 -- Attendance: 962 (96.20%) -- Ticket Income $38,480
Total Attendance: 2941 (98.03%)
Total Ticket Income: $177,010
Other Income: $8,850
Total Income: $185,860

Comets

5 vs 5 Forward 
   Center                   Left Wing                Right Wing               Time % Phy DF OF 
 1 Brett Seney              Valeri Nichushkin        Joonas Donskoi           35     0   2  3  
 2 Brett Howden             Mason Marchment          Conor Garland            28     0   2  3  
 3 John Hayden              Eeli Tolvanen            Alexandre Texier         22     0   2  3  
 4 Nicolas Roy              Alex Turcotte            David Kase               15     0   2  3  

5 vs 5 Defense 
   Defense                  Defense                                           Time % Phy DF OF 
 1 Ilya Lyubushkin          Christian Wolanin                                 35     1   3  1  
 2 Jake Bean                Wyatt Kalynuk                                     30     1   3  1  
 3 Marcus Bjork             Vincent Desharnais                                25     1   3  1  
 4 Filip Roos               Ilya Lyubushkin                                   10     1   3  1  

PowerPlay Forward 
   Center                   Left Wing                Right Wing               Time % Phy DF OF 
 1 Brett Seney              Valeri Nichushkin        Joonas Donskoi           60     0   0  5  
 2 Brett Howden             Mason Marchment          Conor Garland            40     0   0  5  

PowerPlay Defense
   Defense                  Defense                                           Time % Phy DF OF 
 1 Ilya Lyubushkin          Christian Wolanin                                 60     0   2  3  
 2 Jake Bean                Wyatt Kalynuk                                     40     0   2  3  

Penalty Kill 4 Players Forward 
   Center                   Wing                     Time % Phy DF OF 
 1 Brett Howden             Conor Garland            60     1   3  1  
 2 Brett Seney              Joonas Donskoi           40     1   3  1  

Penalty Kill 4 Players Defense
   Defense                  Defense                  Time % Phy DF OF 
 1 Ilya Lyubushkin          Marcus Bjork             60     1   4  0  
 2 Jake Bean                Wyatt Kalynuk            40     1   4  0  

Penalty Kill - 3 Players Forward 
   Forward                                           Time % Phy DF OF 
 1 Brett Seney                                       60     1   3  1  
 2 Brett Howden                                      40     1   3  1  

Penalty Kill - 3 Players Defense
   Defense                  Defense                  Time % Phy DF OF 
 1 Ilya Lyubushkin          Marcus Bjork             60     1   4  0  
 2 Jake Bean                Wyatt Kalynuk            40     1   4  0  

4 vs 4 Forward 
   Center                   Wing                     Time % Phy DF OF 
 1 Brett Seney              Valeri Nichushkin        60     0   2  3  
 2 Brett Howden             Mason Marchment          40     0   2  3  

4 vs 4 Defense
   Defense                  Defense                  Time % Phy DF OF 
 1 Ilya Lyubushkin          Christian Wolanin        60     0   3  2  
 2 Jake Bean                Wyatt Kalynuk            40     0   3  2  

Last Minutes Offensive
   Center                   Left Wing                Right Wing               Defense                  Defense                  
   Brett Seney              Valeri Nichushkin        Joonas Donskoi           Jake Bean                Christian Wolanin        

Last Minutes Defensive
   Center                   Left Wing                Right Wing               Defense                  Defense                  
   Brett Howden             Valeri Nichushkin        Conor Garland            Ilya Lyubushkin          Wyatt Kalynuk            

Goaltenders
Starting : Juuse Saros              
Backup : Akira Schmid             

Extra Forwards
Normal : Alexandre Texier, Brett Howden, Mason Marchment - PP : Alexandre Texier, Eeli Tolvanen - PK : Alexandre Texier
Extra Defensemen
Normal : Marcus Bjork, Vincent Desharnais, Filip Roos - PP : Marcus Bjork - PK : Marcus Bjork, Vincent Desharnais
Penalty Shots
Valeri Nichushkin, Conor Garland, Brett Seney, Joonas Donskoi, Mason Marchment
Custom OT Lines Forwards
Valeri Nichushkin, Conor Garland, Brett Seney, Joonas Donskoi, Mason Marchment, Brett Howden, Alexandre Texier, Eeli Tolvanen, John Hayden, Nicolas Roy
Custom OT Lines Defensemen
Ilya Lyubushkin, Christian Wolanin, Jake Bean, Wyatt Kalynuk, Marcus Bjork

Scratches
Cristiano Digiacinto (Healthy), Nikita Nesterenko (Healthy), Graeme Clarke (Healthy)

Bears

5 vs 5 Forward 
   Center                   Left Wing                Right Wing               Time % Phy DF OF 
 1 Sam Carrick              Kerby Rychel             Nicolas Aube-Kubel       40     0   1  4  
 2 Kevin Rooney             Cole Smith               Mason Appleton           35     0   2  3  
 3 Tanner Laczynski         Isaac Ratcliffe          Nicholas Caamano         15     0   3  2  
 4 Vincent Dunn             Colby Cave               Blake Speers             10     0   4  1  

5 vs 5 Defense 
   Defense                  Defense                                           Time % Phy DF OF 
 1 Mikko Vainonen           Tommy Vannelli                                    40     0   3  2  
 2 Michael Prapavessis      Gianluca Curcuruto                                35     0   3  2  
 3 Emil Johansson           Ryan Graves                                       15     0   4  1  
 4 Mikko Vainonen           Tommy Vannelli                                    10     0   4  1  

PowerPlay Forward 
   Center                   Left Wing                Right Wing               Time % Phy DF OF 
 1 Sam Carrick              Kerby Rychel             Nicolas Aube-Kubel       60     0   1  4  
 2 Vincent Dunn             Cole Smith               Mason Appleton           40     0   1  4  

PowerPlay Defense
   Defense                  Defense                                           Time % Phy DF OF 
 1 Tommy Vannelli           Mikko Vainonen                                    60     0   2  3  
 2 Michael Prapavessis      Gianluca Curcuruto                                40     0   2  3  

Penalty Kill 4 Players Forward 
   Center                   Wing                     Time % Phy DF OF 
 1 Sam Carrick              Nicolas Aube-Kubel       60     0   3  2  
 2 Tanner Laczynski         Kerby Rychel             40     0   3  2  

Penalty Kill 4 Players Defense
   Defense                  Defense                  Time % Phy DF OF 
 1 Tommy Vannelli           Michael Prapavessis      60     0   4  1  
 2 Mikko Vainonen           Gianluca Curcuruto       40     0   4  1  

Penalty Kill - 3 Players Forward 
   Forward                                           Time % Phy DF OF 
 1 Nicolas Aube-Kubel                                60     0   5  0  
 2 Sam Carrick                                       40     0   5  0  

Penalty Kill - 3 Players Defense
   Defense                  Defense                  Time % Phy DF OF 
 1 Tommy Vannelli           Michael Prapavessis      60     0   5  0  
 2 Gianluca Curcuruto       Mikko Vainonen           40     0   5  0  

4 vs 4 Forward 
   Center                   Wing                     Time % Phy DF OF 
 1 Sam Carrick              Nicolas Aube-Kubel       60     0   1  4  
 2 Tanner Laczynski         Kerby Rychel             40     0   1  4  

4 vs 4 Defense
   Defense                  Defense                  Time % Phy DF OF 
 1 Mikko Vainonen           Tommy Vannelli           60     0   2  3  
 2 Michael Prapavessis      Gianluca Curcuruto       40     0   2  3  

Last Minutes Offensive
   Center                   Left Wing                Right Wing               Defense                  Defense                  
   Sam Carrick              Kerby Rychel             Nicolas Aube-Kubel       Mikko Vainonen           Tommy Vannelli           

Last Minutes Defensive
   Center                   Left Wing                Right Wing               Defense                  Defense                  
   Sam Carrick              Kerby Rychel             Nicolas Aube-Kubel       Mikko Vainonen           Tommy Vannelli           

Goaltenders
Starting : Garret Sparks            
Backup : Artyom Zagidulin         

Extra Forwards
Normal : Nicolas Aube-Kubel, Kerby Rychel, Mason Appleton - PP : Nicolas Aube-Kubel, Kerby Rychel - PK : Nicolas Aube-Kubel
Extra Defensemen
Normal : Tommy Vannelli, Michael Prapavessis, Mikko Vainonen - PP : Tommy Vannelli - PK : Tommy Vannelli, Michael Prapavessis
Penalty Shots
Tanner Laczynski, Kerby Rychel, Nicholas Caamano, Sam Carrick, Vincent Dunn
Custom OT Lines Forwards
Nicolas Aube-Kubel, Kerby Rychel, Mason Appleton, Sam Carrick, Tanner Laczynski, Cole Smith, Vincent Dunn, Nicholas Caamano, Colby Cave, Blake Speers
Custom OT Lines Defensemen
Tommy Vannelli, Mikko Vainonen, Gianluca Curcuruto, Michael Prapavessis, Emil Johansson

Scratches
Jesper Pettersson (Healthy), David Farrance (Healthy), Mackenze Stewart (Healthy), Zack Hayes (Healthy), Mario Ferraro (Healthy)
Will Reilly (Healthy), Kristians Rubins (Healthy), Jakob Stenqvist (Healthy), Tim Gettinger (Healthy), Arvid Henrikson (Healthy)
Kirill Maksimov (Healthy), Jeremy Michel (Healthy)

% Time on Ice - Comets

Lines # - Real PCT - Wanted PCT - Time Play
Normal Forward
1 - 32% - 35% - 14:07
2 - 25% - 28% - 10:57
3 - 24% - 22% - 10:21
4 - 18% - 15% - 8:02
Normal Defense
1 - 36% - 35% - 15:45
2 - 32% - 30% - 13:50
3 - 22% - 25% - 9:38
4 - 10% - 10% - 4:14
PP Forward
1 - 45% - 60% - 1:50
2 - 55% - 40% - 2:13
PP Defense
1 - 77% - 60% - 3:06
2 - 23% - 40% - 0:57
PK Forward
1 - 70% - 60% - 7:26
2 - 30% - 40% - 3:10
PK Defense
1 - 60% - 60% - 6:24
2 - 40% - 40% - 4:12
PK3 Forward
1 - 0% - 60%
2 - 0% - 40%
PK3 Defense
1 - 0% - 60%
2 - 0% - 40%
44 Forward
1 - 100% - 60% - 1:54
2 - 0% - 40% - 0:00
44 Defense
1 - 76% - 60% - 1:27
2 - 24% - 40% - 0:27
Last Minute Offensive  - 0:00
Last Minute Defensive  - 0:00
Total
Forward - 60:00
Defense - 60:00

% Time on Ice - Bears

Lines # - Real PCT - Wanted PCT - Time Play
Normal Forward
1 - 34% - 40% - 14:52
2 - 29% - 35% - 12:36
3 - 22% - 15% - 9:25
4 - 15% - 10% - 6:34
Normal Defense
1 - 41% - 40% - 17:48
2 - 37% - 35% - 15:57
3 - 21% - 15% - 9:16
4 - 1% - 10% - 0:26
PP Forward
1 - 56% - 60% - 5:58
2 - 44% - 40% - 4:38
PP Defense
1 - 53% - 60% - 5:38
2 - 47% - 40% - 4:58
PK Forward
1 - 93% - 60% - 3:45
2 - 7% - 40% - 0:18
PK Defense
1 - 63% - 60% - 2:34
2 - 37% - 40% - 1:29
PK3 Forward
1 - 0% - 60%
2 - 0% - 40%
PK3 Defense
1 - 0% - 60%
2 - 0% - 40%
44 Forward
1 - 71% - 60% - 1:21
2 - 29% - 40% - 0:33
44 Defense
1 - 54% - 60% - 1:02
2 - 46% - 40% - 0:52
Last Minute Offensive  - 0:00
Last Minute Defensive  - 0:00
Total
Forward - 60:00
Defense - 60:00

Play-by-Play

1st period


0:01 of 1st period - Brett Seney wins face-off versus Sam Carrick in neutral zone.
0:22 of 1st period - Minor Penalty to Ilya Lyubushkin for Cross-checking.
0:23 of 1st period - Sam Carrick wins face-off versus Brett Howden in Comets zone.
1:44 of 1st period - Sam Carrick is hit by Joonas Donskoi and loses puck.
2:22 of 1st period - Penalty to Ilya Lyubushkin is over, Ilya Lyubushkin is back on ice.
2:49 of 1st period - Off-side.
2:50 of 1st period - Kevin Rooney wins face-off versus John Hayden in neutral zone.
3:23 of 1st period - Snap shot by Joonas Donskoi.
3:23 of 1st period - Goal by Joonas Donskoi - Comets : 1 - Bears : 0.
3:24 of 1st period - Cole Smith wins face-off versus Brett Howden in neutral zone.
3:31 of 1st period - Wrist shot by Mason Appleton.
3:31 of 1st period - Deflect By Jake Bean.
3:31 of 1st period - Shot Misses the Net.
3:31 of 1st period - Puck is out of play.
3:32 of 1st period - Kevin Rooney wins face-off versus Brett Howden in Comets zone.
3:37 of 1st period - Snap shot by Mason Appleton.
3:37 of 1st period - Shot Misses the Net.
4:01 of 1st period - Slapshot by Sam Carrick.
4:01 of 1st period - Shot Misses the Net.
4:27 of 1st period - Slapshot by Gianluca Curcuruto.
4:27 of 1st period - Shot Blocked by Brett Seney.
4:46 of 1st period - Wrist shot by Alexandre Texier.
4:46 of 1st period - Shot Blocked by Cole Smith.
4:48 of 1st period - Snap shot by Eeli Tolvanen.
4:48 of 1st period - Goal by Eeli Tolvanen - Comets : 2 - Bears : 0.
4:49 of 1st period - Sam Carrick wins face-off versus Brett Seney in neutral zone.
4:52 of 1st period - Wrist shot by Sam Carrick.
4:52 of 1st period - Shot Misses the Net.
5:02 of 1st period - Slapshot by Valeri Nichushkin.
5:02 of 1st period - Shot Blocked by Tommy Vannelli.
5:19 of 1st period - Slapshot by Mason Appleton.
5:19 of 1st period - Deflect By Kevin Rooney.
5:19 of 1st period - Stopped by Juuse Saros without a rebound.
5:20 of 1st period - Eeli Tolvanen wins face-off versus Kevin Rooney in Comets zone.
5:28 of 1st period - Icing by Kevin Rooney.
5:29 of 1st period - Kevin Rooney wins face-off versus John Hayden in Bears zone.
6:00 of 1st period - Wrist shot by Alexandre Texier.
6:00 of 1st period - Stopped by Garret Sparks with a rebound.
6:42 of 1st period - Kevin Rooney is hit by Alexandre Texier and loses puck.
6:47 of 1st period - Wrist shot by Alexandre Texier.
6:47 of 1st period - Stopped by Garret Sparks without a rebound.
6:48 of 1st period - Brett Seney wins face-off versus Kerby Rychel in Bears zone.
7:16 of 1st period - Ilya Lyubushkin is hit by Tommy Vannelli and loses puck.
7:48 of 1st period - Wrist shot by Tanner Laczynski.
7:48 of 1st period - Stopped by Juuse Saros with a rebound.
7:50 of 1st period - Slapshot by Tanner Laczynski.
7:50 of 1st period - Shot Misses the Net.
8:41 of 1st period - Alex Turcotte is hit by Tanner Laczynski and loses puck.
9:56 of 1st period - Alex Turcotte is hit by Cole Smith and loses puck.
10:42 of 1st period - Wrist shot by Conor Garland.
10:42 of 1st period - Shot Misses the Net.
11:17 of 1st period - Wrist shot by Colby Cave.
11:17 of 1st period - Stopped by Juuse Saros with a rebound.
11:23 of 1st period - Mikko Vainonen is hit by Christian Wolanin and loses puck.
11:45 of 1st period - Minor Penalty to Ilya Lyubushkin for Slashing.
11:46 of 1st period - Sam Carrick wins face-off versus Brett Howden in Comets zone.
12:18 of 1st period - Snap shot by Mason Appleton.
12:18 of 1st period - Stopped by Juuse Saros with a rebound.
12:20 of 1st period - Slapshot by Michael Prapavessis.
12:20 of 1st period - Shot Blocked by Wyatt Kalynuk.
12:40 of 1st period - Mason Appleton is hit by Joonas Donskoi and loses puck.
13:45 of 1st period - Penalty to Ilya Lyubushkin is over, Ilya Lyubushkin is back on ice.
13:59 of 1st period - Snap shot by Nicolas Roy.
13:59 of 1st period - Stopped by Garret Sparks with a rebound.
14:01 of 1st period - Snap shot by Nicolas Roy.
14:01 of 1st period - Goal by Nicolas Roy - Comets : 3 - Bears : 0.
14:02 of 1st period - Kevin Rooney wins face-off versus Brett Seney in neutral zone.
14:11 of 1st period - Wrist shot by Kevin Rooney.
14:11 of 1st period - Shot Misses the Net.
14:13 of 1st period - Wrist shot by Cole Smith.
14:13 of 1st period - Stopped by Juuse Saros with a rebound.
14:15 of 1st period - Backhand shot by Kevin Rooney.
14:15 of 1st period - Shot Misses the Net.
14:17 of 1st period - Wrist shot by Mason Appleton.
14:17 of 1st period - Shot Misses the Net.
14:29 of 1st period - Sam Carrick is hit by Mason Marchment and loses puck.
14:52 of 1st period - Snap shot by David Kase.
14:52 of 1st period - Shot Misses the Net.
15:30 of 1st period - Mason Appleton is hit by Ilya Lyubushkin and loses puck.
16:11 of 1st period - Off-side.
16:12 of 1st period - Tanner Laczynski wins face-off versus Nicolas Roy in neutral zone.
16:12 of 1st period - Tommy Vannelli is hit by Alex Turcotte and loses puck.
16:17 of 1st period - Snap shot by Tommy Vannelli.
16:17 of 1st period - Shot Misses the Net.
16:19 of 1st period - Slapshot by Mikko Vainonen.
16:19 of 1st period - Stopped by Juuse Saros without a rebound.
16:20 of 1st period - Sam Carrick wins face-off versus Brett Seney in Comets zone.
16:21 of 1st period - Wrist shot by Kerby Rychel.
16:21 of 1st period - Shot Misses the Net.
16:45 of 1st period - Snap shot by Cole Smith.
16:45 of 1st period - Stopped by Juuse Saros with a rebound.
17:07 of 1st period - Snap shot by Tanner Laczynski.
17:07 of 1st period - Deflect By Isaac Ratcliffe.
17:07 of 1st period - Shot Blocked by Marcus Bjork.
17:07 of 1st period - Puck is out of play.
17:08 of 1st period - John Hayden wins face-off versus Tanner Laczynski in Comets zone.
17:08 of 1st period - John Hayden is hit by Isaac Ratcliffe.
17:44 of 1st period - Minor Penalty to Vincent Desharnais for Interference.
17:45 of 1st period - Brett Howden wins face-off versus Sam Carrick in Comets zone.
17:45 of 1st period - Brett Howden is hit by Mikko Vainonen.
18:16 of 1st period - Brett Seney is hit by Mason Appleton and loses puck.
19:23 of 1st period - Tommy Vannelli is hit by Ilya Lyubushkin and loses puck.
19:44 of 1st period - Penalty to Vincent Desharnais is over, Vincent Desharnais is back on ice.
19:58 of 1st period - Backhand shot by Tanner Laczynski.
19:58 of 1st period - Stopped by Juuse Saros without a rebound.
19:59 of 1st period - Tanner Laczynski wins face-off versus Nicolas Roy in Comets zone.
Goals for this period are 3 for Comets vs 0 for Bears.
Shots for this period are 6 for Comets vs 8 for Bears.

2nd period


0:01 of 2nd period - Joonas Donskoi wins face-off versus Sam Carrick in neutral zone.
0:33 of 2nd period - Wrist shot by Brett Howden.
0:33 of 2nd period - Shot Blocked by Michael Prapavessis.
0:35 of 2nd period - Slapshot by Ilya Lyubushkin.
0:35 of 2nd period - Shot Blocked by Cole Smith.
0:37 of 2nd period - Slapshot by Christian Wolanin.
0:37 of 2nd period - Stopped by Garret Sparks without a rebound.
0:38 of 2nd period - Sam Carrick wins face-off versus Mason Marchment in Bears zone.
0:43 of 2nd period - Slapshot by Nicolas Aube-Kubel.
0:43 of 2nd period - Stopped by Juuse Saros without a rebound.
0:44 of 2nd period - Brett Howden wins face-off versus Sam Carrick in Comets zone.
1:35 of 2nd period - Slapshot by Vincent Dunn.
1:35 of 2nd period - Deflect By Blake Speers.
1:35 of 2nd period - Shot Misses the Net.
1:35 of 2nd period - Puck is out of play.
1:36 of 2nd period - Brett Howden wins face-off versus Vincent Dunn in Comets zone.
2:07 of 2nd period - Snap shot by Joonas Donskoi.
2:07 of 2nd period - Shot Blocked by Sam Carrick.
2:25 of 2nd period - Jake Bean is hit by Kevin Rooney and loses puck.
2:41 of 2nd period - Off-side.
2:42 of 2nd period - Brett Howden wins face-off versus Isaac Ratcliffe in neutral zone.
2:45 of 2nd period - Snap shot by Brett Howden.
2:45 of 2nd period - Goal by Brett Howden - Comets : 4 - Bears : 0.
2:46 of 2nd period - Brett Seney wins face-off versus Sam Carrick in neutral zone.
2:55 of 2nd period - Slapshot by Brett Seney.
2:55 of 2nd period - Stopped by Garret Sparks without a rebound.
2:56 of 2nd period - Sam Carrick wins face-off versus Brett Seney in Bears zone.
3:21 of 2nd period - Slapshot by Joonas Donskoi.
3:21 of 2nd period - Shot Misses the Net.
3:23 of 2nd period - Wrist shot by Valeri Nichushkin.
3:23 of 2nd period - Stopped by Garret Sparks with a rebound.
3:31 of 2nd period - Slapshot by Joonas Donskoi.
3:31 of 2nd period - Shot Blocked by Mikko Vainonen.
3:33 of 2nd period - Snap shot by Valeri Nichushkin.
3:33 of 2nd period - Shot Misses the Net.
3:43 of 2nd period - Snap shot by Brett Seney.
3:43 of 2nd period - Shot Misses the Net.
3:45 of 2nd period - Slapshot by Wyatt Kalynuk.
3:45 of 2nd period - Shot Misses the Net.
3:47 of 2nd period - Snap shot by Brett Seney.
3:47 of 2nd period - Stopped by Garret Sparks without a rebound.
3:48 of 2nd period - Kevin Rooney wins face-off versus Brett Howden in Bears zone.
3:50 of 2nd period - Minor Penalty to Kevin Rooney for Roughing.
3:51 of 2nd period - Brett Howden wins face-off versus Sam Carrick in Bears zone.
3:51 of 2nd period - Snap shot by Conor Garland.
3:51 of 2nd period - Shot Misses the Net.
3:53 of 2nd period - Slapshot by Ilya Lyubushkin.
3:53 of 2nd period - Stopped by Garret Sparks with a rebound.
3:55 of 2nd period - Backhand shot by Conor Garland.
3:55 of 2nd period - Shot Misses the Net.
3:57 of 2nd period - Slapshot by Ilya Lyubushkin.
3:57 of 2nd period - Deflect By Conor Garland.
3:57 of 2nd period - Stopped by Garret Sparks without a rebound.
3:58 of 2nd period - Sam Carrick wins face-off versus Conor Garland in Bears zone.
5:00 of 2nd period - Brett Howden is hit by Gianluca Curcuruto and loses puck.
5:32 of 2nd period - Isaac Ratcliffe is hit by Joonas Donskoi and loses puck.
5:50 of 2nd period - Penalty to Kevin Rooney is over, Kevin Rooney is back on ice.
6:19 of 2nd period - Snap shot by Tanner Laczynski.
6:19 of 2nd period - Stopped by Juuse Saros with a rebound.
6:21 of 2nd period - Snap shot by Tanner Laczynski.
6:21 of 2nd period - Deflect By Nicholas Caamano.
6:21 of 2nd period - Shot Blocked by Wyatt Kalynuk.
6:21 of 2nd period - Puck is out of play.
6:22 of 2nd period - Nicolas Roy wins face-off versus Tanner Laczynski in Comets zone.
6:30 of 2nd period - Off-side.
6:31 of 2nd period - Sam Carrick wins face-off versus Nicolas Roy in neutral zone.
6:36 of 2nd period - Alex Turcotte is hit by Sam Carrick and loses puck.
6:51 of 2nd period - Snap shot by Nicolas Roy.
6:51 of 2nd period - Shot Blocked by Ryan Graves.
6:53 of 2nd period - Slapshot by Vincent Desharnais.
6:53 of 2nd period - Shot Blocked by Ryan Graves.
6:55 of 2nd period - Slapshot by Alex Turcotte.
6:55 of 2nd period - Shot Misses the Net.
6:57 of 2nd period - Snap shot by David Kase.
6:57 of 2nd period - Stopped by Garret Sparks without a rebound.
6:58 of 2nd period - Kevin Rooney wins face-off versus Brett Seney in Bears zone.
6:58 of 2nd period - Kevin Rooney is hit by Ilya Lyubushkin.
7:01 of 2nd period - Minor Penalty to Kevin Rooney for Roughing.
7:02 of 2nd period - Sam Carrick wins face-off versus Brett Seney in Bears zone.
7:06 of 2nd period - Minor Penalty to Valeri Nichushkin for Cross-checking.
7:07 of 2nd period - Sam Carrick wins face-off versus Brett Seney in Comets zone.
7:10 of 2nd period - Slapshot by Sam Carrick.
7:10 of 2nd period - Shot Blocked by Ilya Lyubushkin.
7:12 of 2nd period - Wrist shot by Tommy Vannelli.
7:12 of 2nd period - Shot Blocked by Christian Wolanin.
7:14 of 2nd period - Slapshot by Mikko Vainonen.
7:14 of 2nd period - Stopped by Juuse Saros without a rebound.
7:15 of 2nd period - Brett Seney wins face-off versus Sam Carrick in Comets zone.
7:35 of 2nd period - Wrist shot by Nicolas Aube-Kubel.
7:35 of 2nd period - Shot Hit the Post.
7:37 of 2nd period - Snap shot by Sam Carrick.
7:37 of 2nd period - Shot Misses the Net.
7:39 of 2nd period - Snap shot by Nicolas Aube-Kubel.
7:39 of 2nd period - Stopped by Juuse Saros with a rebound.
7:45 of 2nd period - Slapshot by Sam Carrick.
7:45 of 2nd period - Stopped by Juuse Saros without a rebound.
7:46 of 2nd period - Brett Seney wins face-off versus Nicolas Aube-Kubel in Comets zone.
8:18 of 2nd period - Wrist shot by Mason Marchment.
8:18 of 2nd period - Stopped by Garret Sparks without a rebound.
8:19 of 2nd period - Brett Howden wins face-off versus Tanner Laczynski in Bears zone.
8:20 of 2nd period - Wrist shot by Mason Marchment.
8:20 of 2nd period - Shot Misses the Net.
8:42 of 2nd period - Slapshot by Kerby Rychel.
8:42 of 2nd period - Deflect By Tanner Laczynski.
8:42 of 2nd period - Shot Misses the Net.
8:42 of 2nd period - Puck is out of play.
8:43 of 2nd period - Brett Seney wins face-off versus Sam Carrick in Comets zone.
8:48 of 2nd period - Snap shot by Alexandre Texier.
8:48 of 2nd period - Stopped by Garret Sparks with a rebound.
9:01 of 2nd period - Penalty to Kevin Rooney is over, Kevin Rooney is back on ice.
9:06 of 2nd period - Penalty to Valeri Nichushkin is over, Valeri Nichushkin is back on ice.
9:36 of 2nd period - Wrist shot by Nicolas Roy.
9:36 of 2nd period - Shot Blocked by Mikko Vainonen.
9:38 of 2nd period - Slapshot by Alex Turcotte.
9:38 of 2nd period - Deflect By Tanner Laczynski.
9:38 of 2nd period - Stopped by Garret Sparks with a rebound.
9:40 of 2nd period - Wrist shot by Nicolas Roy.
9:40 of 2nd period - Shot Blocked by Tommy Vannelli.
11:07 of 2nd period - Minor Penalty to Sam Carrick for Tripping.
11:08 of 2nd period - Blake Speers wins face-off versus Brett Seney in Bears zone.
11:50 of 2nd period - Kerby Rychel is hit by Mason Marchment and loses puck.
12:02 of 2nd period - Off-side.
12:03 of 2nd period - Colby Cave wins face-off versus Brett Seney in neutral zone.
13:07 of 2nd period - Penalty to Sam Carrick is over, Sam Carrick is back on ice.
13:14 of 2nd period - Slapshot by Ilya Lyubushkin.
13:14 of 2nd period - Stopped by Garret Sparks with a rebound.
13:16 of 2nd period - Snap shot by Eeli Tolvanen.
13:16 of 2nd period - Shot Misses the Net.
13:18 of 2nd period - Slapshot by Christian Wolanin.
13:18 of 2nd period - Stopped by Garret Sparks without a rebound.
13:19 of 2nd period - John Hayden wins face-off versus Kevin Rooney in Bears zone.
13:30 of 2nd period - Wrist shot by Kevin Rooney.
13:30 of 2nd period - Shot Misses the Net.
13:35 of 2nd period - Emil Johansson beats up John Hayden.
13:35 of 2nd period - Penalty to Emil Johansson for Fighting.
13:35 of 2nd period - Penalty to John Hayden for Fighting.
13:36 of 2nd period - Sam Carrick wins face-off versus Brett Seney in Comets zone.
13:39 of 2nd period - Snap shot by Nicolas Aube-Kubel.
13:39 of 2nd period - Shot Misses the Net.
13:45 of 2nd period - Snap shot by Nicolas Aube-Kubel.
13:45 of 2nd period - Deflect By Kerby Rychel.
13:45 of 2nd period - Shot Blocked by Christian Wolanin.
13:45 of 2nd period - Puck is out of play.
13:46 of 2nd period - Sam Carrick wins face-off versus Brett Seney in Comets zone.
14:00 of 2nd period - Kerby Rychel beats up Ilya Lyubushkin.
14:00 of 2nd period - Penalty to Kerby Rychel for Fighting.
14:00 of 2nd period - Penalty to Ilya Lyubushkin for Fighting.
14:01 of 2nd period - Sam Carrick wins face-off versus Brett Howden in Bears zone.
14:18 of 2nd period - Mason Appleton is hit by Mason Marchment and loses puck.
14:41 of 2nd period - Snap shot by Valeri Nichushkin.
14:41 of 2nd period - Stopped by Garret Sparks with a rebound.
14:43 of 2nd period - Snap shot by Jake Bean.
14:43 of 2nd period - Stopped by Garret Sparks with a rebound.
14:44 of 2nd period - Minor Penalty to Wyatt Kalynuk for Tripping.
14:45 of 2nd period - Brett Howden wins face-off versus Sam Carrick in Comets zone.
15:20 of 2nd period - Slapshot by Mikko Vainonen.
15:20 of 2nd period - Goal by Mikko Vainonen - Comets : 4 - Bears : 1.
15:21 of 2nd period - Sam Carrick wins face-off versus Brett Seney in neutral zone.
15:36 of 2nd period - Wrist shot by Valeri Nichushkin.
15:36 of 2nd period - Stopped by Garret Sparks without a rebound.
15:37 of 2nd period - Brett Howden wins face-off versus Kevin Rooney in Bears zone.
16:34 of 2nd period - Slapshot by Alexandre Texier.
16:34 of 2nd period - Stopped by Garret Sparks without a rebound.
16:35 of 2nd period - Kevin Rooney wins face-off versus Brett Howden in Bears zone.
16:58 of 2nd period - Slapshot by Brett Howden.
16:58 of 2nd period - Stopped by Garret Sparks without a rebound.
16:59 of 2nd period - Brett Seney wins face-off versus Sam Carrick in Bears zone.
17:02 of 2nd period - Slapshot by Valeri Nichushkin.
17:02 of 2nd period - Goal by Valeri Nichushkin - Comets : 5 - Bears : 1.
17:03 of 2nd period - Brett Howden wins face-off versus Sam Carrick in neutral zone.
17:28 of 2nd period - Slapshot by Tommy Vannelli.
17:28 of 2nd period - Shot Misses the Net.
17:30 of 2nd period - Slapshot by Colby Cave.
17:30 of 2nd period - Deflect By Mason Marchment.
17:30 of 2nd period - Stopped by Juuse Saros without a rebound.
17:31 of 2nd period - Brett Seney wins face-off versus Colby Cave in Comets zone.
17:31 of 2nd period - Brett Seney is hit by Vincent Dunn.
17:40 of 2nd period - Jake Bean is hit by Blake Speers and loses puck.
17:45 of 2nd period - Snap shot by Brett Seney.
17:45 of 2nd period - Shot Misses the Net.
17:57 of 2nd period - Jake Bean is hit by Mason Appleton and loses puck.
18:08 of 2nd period - Nicolas Aube-Kubel is hit by Wyatt Kalynuk and loses puck.
18:39 of 2nd period - Nicolas Roy is hit by Cole Smith and loses puck.
18:40 of 2nd period - Nicolas Roy from Comets is injured at 18:40 of 2nd period (Broken Left Index Finger).
18:41 of 2nd period - Brett Howden wins face-off versus Sam Carrick in Comets zone.
18:50 of 2nd period - Snap shot by Mason Marchment.
18:50 of 2nd period - Deflect By Brett Howden.
18:50 of 2nd period - Shot Blocked by Mikko Vainonen.
18:50 of 2nd period - Puck is out of play.
18:51 of 2nd period - Conor Garland wins face-off versus Sam Carrick in Bears zone.
19:24 of 2nd period - Wrist shot by Brett Howden.
19:24 of 2nd period - Shot Misses the Net.
19:26 of 2nd period - Slapshot by Christian Wolanin.
19:26 of 2nd period - Stopped by Garret Sparks with a rebound.
19:28 of 2nd period - Snap shot by Brett Howden.
19:28 of 2nd period - Stopped by Garret Sparks with a rebound.
19:30 of 2nd period - Snap shot by Conor Garland.
19:30 of 2nd period - Shot Misses the Net.
19:32 of 2nd period - Wrist shot by Mason Marchment.
19:32 of 2nd period - Deflect By Conor Garland.
19:32 of 2nd period - Shot Misses the Net.
19:32 of 2nd period - Puck is out of play.
19:33 of 2nd period - Brett Seney wins face-off versus Tanner Laczynski in Bears zone.
19:36 of 2nd period - Slapshot by Brett Seney.
19:36 of 2nd period - Shot Blocked by Gianluca Curcuruto.
19:38 of 2nd period - Wrist shot by Joonas Donskoi.
19:38 of 2nd period - Goal by Joonas Donskoi - Comets : 6 - Bears : 1.
19:38 of 2nd period - Artyom Zagidulin enters game.
19:39 of 2nd period - Kevin Rooney wins face-off versus Brett Seney in neutral zone.
19:54 of 2nd period - Snap shot by Brett Seney.
19:54 of 2nd period - Shot Misses the Net.
Goals for this period are 3 for Comets vs 1 for Bears.
Shots for this period are 22 for Comets vs 7 for Bears.

3rd period


0:01 of 3rd period - Kevin Rooney wins face-off versus Brett Seney in neutral zone.
0:04 of 3rd period - Wrist shot by Cole Smith.
0:04 of 3rd period - Deflect By Mason Appleton.
0:04 of 3rd period - Stopped by Juuse Saros without a rebound.
0:05 of 3rd period - Brett Seney wins face-off versus Kevin Rooney in Comets zone.
0:29 of 3rd period - Off-side.
0:30 of 3rd period - Sam Carrick wins face-off versus Brett Howden in neutral zone.
0:53 of 3rd period - Minor Penalty to Ilya Lyubushkin for Diving.
0:54 of 3rd period - Brett Howden wins face-off versus Sam Carrick in Comets zone.
1:24 of 3rd period - Wrist shot by Mason Appleton.
1:24 of 3rd period - Stopped by Juuse Saros without a rebound.
1:25 of 3rd period - Sam Carrick wins face-off versus Brett Seney in Comets zone.
1:28 of 3rd period - Snap shot by Kerby Rychel.
1:28 of 3rd period - Shot Blocked by Jake Bean.
1:30 of 3rd period - Slapshot by Michael Prapavessis.
1:30 of 3rd period - Shot Misses the Net.
1:32 of 3rd period - Backhand shot by Sam Carrick.
1:32 of 3rd period - Stopped by Juuse Saros without a rebound.
1:33 of 3rd period - Brett Howden wins face-off versus Sam Carrick in Comets zone.
1:48 of 3rd period - Wrist shot by Kerby Rychel.
1:48 of 3rd period - Shot Blocked by Conor Garland.
2:00 of 3rd period - Wrist shot by Cole Smith.
2:00 of 3rd period - Stopped by Juuse Saros with a rebound.
2:02 of 3rd period - Wrist shot by Mason Appleton.
2:02 of 3rd period - Shot Misses the Net.
2:04 of 3rd period - Wrist shot by Vincent Dunn.
2:04 of 3rd period - Shot Misses the Net.
2:50 of 3rd period - Joonas Donskoi is hit by Mason Appleton and loses puck.
2:53 of 3rd period - Penalty to Ilya Lyubushkin is over, Ilya Lyubushkin is back on ice.
3:05 of 3rd period - Snap shot by Mikko Vainonen.
3:05 of 3rd period - Stopped by Juuse Saros with a rebound.
3:07 of 3rd period - Backhand shot by Isaac Ratcliffe.
3:07 of 3rd period - Shot Blocked by Marcus Bjork.
3:09 of 3rd period - Snap shot by Isaac Ratcliffe.
3:09 of 3rd period - Shot Misses the Net.
3:11 of 3rd period - Snap shot by Tommy Vannelli.
3:11 of 3rd period - Stopped by Juuse Saros with a rebound.
3:13 of 3rd period - Wrist shot by Isaac Ratcliffe.
3:13 of 3rd period - Shot Misses the Net.
4:40 of 3rd period - Joonas Donskoi is hit by Ryan Graves and loses puck.
5:37 of 3rd period - Nicolas Aube-Kubel is hit by Joonas Donskoi and loses puck.
6:28 of 3rd period - Wyatt Kalynuk is hit by Vincent Dunn.
7:16 of 3rd period - Emil Johansson is hit by Valeri Nichushkin and loses puck.
7:51 of 3rd period - Alexandre Texier is hit by Colby Cave and loses puck.
8:19 of 3rd period - Kevin Rooney is hit by Brett Seney and loses puck.
8:47 of 3rd period - Nicolas Aube-Kubel is hit by Alex Turcotte and loses puck.
8:58 of 3rd period - Sam Carrick is hit by Mason Marchment and loses puck.
9:09 of 3rd period - Christian Wolanin is hit by Blake Speers and loses puck.
9:24 of 3rd period - David Kase is hit by Isaac Ratcliffe and loses puck.
9:45 of 3rd period - Mason Marchment is hit by Tommy Vannelli and loses puck.
10:05 of 3rd period - Filip Roos is hit by Blake Speers and loses puck.
10:31 of 3rd period - Mason Marchment is hit by Kevin Rooney and loses puck.
10:41 of 3rd period - Icing by Michael Prapavessis.
10:42 of 3rd period - Tanner Laczynski wins face-off versus John Hayden in Bears zone.
10:49 of 3rd period - Wrist shot by Emil Johansson.
10:49 of 3rd period - Shot Blocked by Vincent Desharnais.
10:51 of 3rd period - Slapshot by Ryan Graves.
10:51 of 3rd period - Shot Misses the Net.
10:53 of 3rd period - Slapshot by Ryan Graves.
10:53 of 3rd period - Shot Blocked by Alex Turcotte.
11:25 of 3rd period - Valeri Nichushkin is hit by Cole Smith and loses puck.
11:30 of 3rd period - Wrist shot by Kevin Rooney.
11:30 of 3rd period - Stopped by Juuse Saros with a rebound.
11:32 of 3rd period - Snap shot by Cole Smith.
11:32 of 3rd period - Stopped by Juuse Saros with a rebound.
11:51 of 3rd period - Wrist shot by Vincent Dunn.
11:51 of 3rd period - Stopped by Juuse Saros with a rebound.
11:53 of 3rd period - Wrist shot by Colby Cave.
11:53 of 3rd period - Goal by Colby Cave - Comets : 6 - Bears : 2.
11:54 of 3rd period - Sam Carrick wins face-off versus Brett Seney in neutral zone.
12:15 of 3rd period - Nicolas Aube-Kubel is hit by Jake Bean.
13:10 of 3rd period - Snap shot by Tanner Laczynski.
13:10 of 3rd period - Shot Blocked by Ilya Lyubushkin.
13:12 of 3rd period - Snap shot by Nicholas Caamano.
13:12 of 3rd period - Shot Misses the Net.
13:14 of 3rd period - Slapshot by Gianluca Curcuruto.
13:14 of 3rd period - Stopped by Juuse Saros with a rebound.
13:16 of 3rd period - Slapshot by Gianluca Curcuruto.
13:16 of 3rd period - Shot Blocked by Ilya Lyubushkin.
13:18 of 3rd period - Slapshot by Tanner Laczynski.
13:18 of 3rd period - Shot Misses the Net.
13:40 of 3rd period - Valeri Nichushkin is hit by Kerby Rychel and loses puck.
14:14 of 3rd period - Snap shot by Vincent Dunn.
14:14 of 3rd period - Stopped by Juuse Saros with a rebound.
14:30 of 3rd period - Wrist shot by Mason Marchment.
14:30 of 3rd period - Stopped by Artyom Zagidulin with a rebound.
14:55 of 3rd period - Off-side.
14:56 of 3rd period - John Hayden wins face-off versus Sam Carrick in neutral zone.
14:59 of 3rd period - Tommy Vannelli is hit by Eeli Tolvanen and loses puck.
15:08 of 3rd period - Wrist shot by Alexandre Texier.
15:08 of 3rd period - Shot Blocked by Mikko Vainonen.
15:46 of 3rd period - Minor Penalty to Vincent Desharnais for High sticking.
15:47 of 3rd period - Sam Carrick wins face-off versus Brett Howden in Comets zone.
15:53 of 3rd period - Wrist shot by Kerby Rychel.
15:53 of 3rd period - Shot Misses the Net.
16:03 of 3rd period - Slapshot by Kerby Rychel.
16:03 of 3rd period - Stopped by Juuse Saros with a rebound.
17:00 of 3rd period - Icing by Mason Appleton.
17:01 of 3rd period - Brett Howden wins face-off versus Vincent Dunn in Bears zone.
17:04 of 3rd period - Wrist shot by Brett Howden.
17:04 of 3rd period - Stopped by Artyom Zagidulin without a rebound.
17:05 of 3rd period - Brett Howden wins face-off versus Sam Carrick in Bears zone.
17:46 of 3rd period - Penalty to Vincent Desharnais is over, Vincent Desharnais is back on ice.
18:06 of 3rd period - Off-side.
18:07 of 3rd period - Brett Seney wins face-off versus Tanner Laczynski in neutral zone.
18:11 of 3rd period - Off-side.
18:12 of 3rd period - Brett Seney wins face-off versus Sam Carrick in neutral zone.
18:56 of 3rd period - Tommy Vannelli is hit by John Hayden and loses puck.
19:29 of 3rd period - Slapshot by Ilya Lyubushkin.
19:29 of 3rd period - Stopped by Artyom Zagidulin without a rebound.
19:30 of 3rd period - Brett Seney wins face-off versus Kevin Rooney in Bears zone.
19:31 of 3rd period - Snap shot by Joonas Donskoi.
19:31 of 3rd period - Shot Blocked by Gianluca Curcuruto.
Goals for this period are 0 for Comets vs 1 for Bears.
Shots for this period are 3 for Comets vs 13 for Bears.